 Dungeon Crawl Stone Soup version 0.26-a0-682-g294304f6e8 (webtiles) character file.

Game seed: 9162123836595841322

126 tzalcoatl the Gusty (level 4, -1/36 HPs)
             Began as a Draconian Air Elementalist on Oct 21, 2020.
             Was a Follower of Yredelemnul.
             Slain by an iguana (11 damage)
             ... on level 3 of the Dungeon.
             The game lasted 00:31:46 (3416 turns).

tzalcoatl the Gusty (Draconian Air Elementalist)    Turns: 3416, Time: 00:31:47

Health: -1/36      AC:  5    Str: 10    XL:     4   Next: 83%
Magic:  2/7        EV: 16    Int: 17    God:    Yredelemnul [*.....]
Gold:   163        SH:  0    Dex: 11    Spells: 2/8 levels left

rFire    . . .     SeeInvis .   b - +1 trident (freeze)
rCold    . . .     Faith    .   (no shield)
rNeg     . . .     Spirit   .   (armour unavailable)
rPois    .         Reflect  .   (helmet restricted)
rElec    .         Harm     .   (no cloak)
rCorr    .         Rampage  .   (no gloves)
MR       .....                  (no boots)
Stlth    ++........             (no amulet)
HPRegen  0.12/turn              e - +4 ring of evasion
MPRegen  0.10/turn              p - ring of wizardry

@: very slightly contaminated
A: unfitting armour, cold-blooded, AC +5
a: Animate Remains, Renounce Religion


You were on level 3 of the Dungeon.
You worshipped Yredelemnul.
Yredelemnul was aware of your devotion.
You visited 1 branch of the dungeon, and saw 4 of its levels.

You collected 163 gold pieces.

Inventory:

Hand Weapons
 a - a +0 hunting sling
 b - a +1 trident of freezing (weapon)
 c - a +2 dagger of venom
Missiles
 g - 156 stones (quivered)
 h - 6 javelins
 s - 5 boomerangs
Jewellery
 e - a +4 ring of evasion (left hand)
 p - a ring of wizardry (right hand)
Scrolls
 d - 2 scrolls of enchant armour {unknown}
 i - 2 scrolls of magic mapping
 n - a scroll of remove curse
 r - 2 scrolls of teleportation {unknown}
Potions
 f - a potion of magic {unknown}
 j - a potion of stabbing {unknown}
 k - 3 potions of curing {unknown}
 l - 3 potions of heal wounds
 m - a potion of ambrosia {unknown}
 o - a potion of cancellation {unknown}
 q - a potion of brilliance {unknown}


   Skills:
 + Level 1.7 Fighting
 + Level 2.5 Dodging
 - Level 2.0 Stealth
 + Level 2.5 Spellcasting
 - Level 2.0 Conjurations
 - Level 4.0 Air Magic


You had 2 spell levels left.
You knew the following spells:

 Your Spells              Type           Power        Failure   Level
a - Shock                 Conj/Air       ##..         2%          1
b - Swiftness             Air            ###.....     2%          2
c - Static Discharge      Conj/Air       ##......     6%          3

Your spell library contained the following spells:

 Spells                   Type           Power        Failure   Level
 Airstrike                Air            ###.......   14%         4
 Lightning Bolt           Conj/Air       ##........   50%         5


Dungeon Overview and Level Annotations

Branches:
Dungeon (4/15)
 Temple: D:4-7

Altars:
Nemelex Xobeh
Yredelemnul
The Shining One


Innate Abilities, Weirdness & Mutations

Your plain brown scales are hard. (AC +5)
You cannot fit into any form of body armour.
You are cold-blooded and may be slowed by cold attacks.


Message History

You miscast Shock.
You are very lightly contaminated with residual magic.
Nothing appears to happen.
The iguana bites you but does no damage.
Casting: Shock (safe; 2% risk of failure)
Confirm with . or Enter, or press ? or * to list all spells.
Aiming: Shock (safe; 2% risk of failure)
Press: ? - help, Shift-Dir - straight line, f/p - iguana
Aim: an iguana (severely wounded)
The zap misses the iguana.
The iguana bites you!
* * * LOW HITPOINT WARNING * * *
Unknown command.
Your +1 trident of freezing glows with a cold blue light!
b - a +1 trident of freezing (weapon)
You are too injured to fight recklessly!
You hit the iguana. You freeze the iguana.
The iguana is almost dead.
The iguana bites you!
You die...
Your body rises from the dead as a mindless zombie.

............#.........# #######.#
###.........#.........# #........
......................###.#####.#
###................#......# #.#
...................#......#####.#
###..............................
###.##..##..#.............#####.#
.##.##.........l.......##.#####.#
........##..#...@...............#
###.##..##.......###..###.#####.#
..............#...##..# #.# #.#
......................# #.# #.#
###.###.##.......###..###.#####.#
.................................
#.........................###.#.#
#######..........####............
# ####..###...........###.#.#


You could see an iguana.

Vanquished Creatures
  3 adders
  A worm (D:2)
  4 dart slugs
  6 leopard geckos
  4 orcs (D:3)
  4 ball pythons
  4 giant cockroaches
  11 goblins
  6 hobgoblins
  2 quokkas (D:3)
  7 bats
  3 frilled lizards
  14 kobolds
  5 rats
74 creatures vanquished.

Vanquished Creatures (others)
  A kobold (D:2)
1 creature vanquished.

Grand Total: 75 creatures vanquished

Notes
Turn   | Place    | Note
-------+----------+-------------------------------------------
     0 | D:1      | tzalcoatl the Draconian Air Elementalist began the quest
                  | for the Orb.
     0 | D:1      | Reached XP level 1. HP: 14/14 MP: 3/3
   368 | D:1      | Reached XP level 2. HP: 14/22 MP: 3/5
   890 | D:1      | Reached XP level 3. HP: 27/27 MP: 3/6
  1210 | D:2      | Learned a level 2 spell: Swiftness
  1214 | D:2      | Learned a level 3 spell: Static Discharge
  1222 | D:2      | Reached skill level 1 in Fighting
  1757 | D:2      | Reached XP level 4. HP: 31/35 MP: 2/7
  1895 | D:2      | Found a sparkling altar of Nemelex Xobeh.
  1939 | D:2      | Found a basalt altar of Yredelemnul.
  1941 | D:2      | Noticed a profane servitor
  1953 | D:2      | Found a glowing golden altar of the Shining One.
  1956 | D:2      | Noticed an angel
  1975 | D:2      | Became a worshipper of Yredelemnul the Dark
  2633 | D:3      | Reached skill level 4 in Air Magic
  2728 | D:3      | Reached * piety under Yredelemnul
  3416 | D:3      | Slain by an iguana

Illustrated notes

Levels and vault maps discovered:
D:1:      dpeg_arrival_windows_large_door, layout_basic
D:2:      layout_rooms, grunt_temple_overflow_holy_war, lemuel_doored_altar
D:3:      layout_basic
D:4:      layout_loops_ring, nicolae_ossuary_entry_ruins, serial_shops, shop,
          gup_sewer_entry_glass, minmay_between

Skill      XL: |  1  2  3  4 |
---------------+-------------+-----
Dodging        | 2 |  2.5
Stealth        | 2 |  2.0
Fighting       | 1 |  1.7
Air Magic      | 4 |  4.0
Conjurations   | 2 |  2.0
Spellcasting   | |  2.5

Action                   |  1- 3 |  4- 6 || total
-------------------------+-------+-------++-------
Melee: Short sword       |    44 |    10 ||    54
       Club              |     4 |       ||     4
       Tailslap          |     5 |     2 ||     7
       Unarmed           |     2 |       ||     2
       Hand axe          |     1 |       ||     1
       Trident           |       |    13 ||    13
 Fire: Hunting sling     |    58 |    42 ||   100
 Cast: Shock             |    47 |    31 ||    78
  Use: Scroll            |       |     4 ||     4
Armor: Skin              |    22 |    11 ||    33
Dodge: Dodged            |    55 |    27 ||    82

Table legend: (Time is in decaauts)
 A = Elapsed time spent in this place.
 B = Non-inter-level travel time spent in this place.
 C = Inter-level travel time spent in this place.
 D = Time resting spent in this place.
 E = Time spent auto-exploring this place.
 F = Levels seen in this place.
 G = Mean time per level.
                   A        B        C        D        E       F      G
               +--------+--------+--------+--------+--------+-----+--------+
         Total |   3438 |   3316 |    122 |      0 |   2731 |   4 |  859.5 |
       Dungeon |   3438 |   3316 |    122 |      0 |   2731 |   4 |  859.5 |
               +--------+--------+--------+--------+--------+-----+--------+

Top non-repeatable levels by time:
     D:3: 1301 daAuts
     D:1: 1186 daAuts
     D:2: 940 daAuts
     D:4: 9 daAuts
